 Dungeon Crawl Stone Soup version 0.13-a0-2505-g5f0fbe2 (webtiles) character file.

221 JacquesDerrida the Magician (level 4, -1/27 HPs)
             Began as a High Elf Air Elementalist on July 23, 2013.
             Slain by Grinder (3 damage)
             ... on Level 3 of the Dungeon.
             The game lasted 00:08:21 (2025 turns).

JacquesDerrida the Magician (HEAE)                  Turns: 2025, Time: 00:08:21

HP  -1/27        AC  4     Str 12      XL: 4   Next: 75%
MP   8/13        EV 17     Int 20      God:
Gold 101         SH  0     Dex 20      Spells:  4 memorised,  3 levels left

Res.Fire  : . . .   See Invis. : .   (no weapon)
Res.Cold  : . . .   Warding    : .   j - +0 elf leather armour
Life Prot.: . . .   Conserve   : .   (no shield)
Res.Poison: .       Res.Corr.  : .   t - +0 elf cap
Res.Elec. : .       Clarity    : .   (no cloak)
Sust.Abil.: . .     Spirit.Shd : .   k - +0 pair of gloves
Res.Mut.  : .       Stasis     : .   (no boots)
Res.Rott. : .       Flight     : +   (no amulet)
Saprovore : . . .                    (no ring)
                                     w - +5 ring of strength

@: agile, flying, quick, slightly resistant to hostile enchantments, stealthy
A: no striking features
a: no special abilities


You were on level 3 of the Dungeon.
You were not hungry.

You visited 1 branch of the dungeon, and saw 3 of its levels.

You collected 81 gold pieces.

Inventory:

Missiles
 v - 7 silver javelins (quivered)
Armour
 a - a +0 elven robe
 j - a +0 elven leather armour (worn)
 k - a +0 pair of gloves (worn)
 t - a +0 elven cap (worn)
Comestibles
 c - 4 bread rations
 i - 8 grapes
 m - a meat ration
 n - a choko
 q - a chunk of giant cockroach flesh
Scrolls
 d - 2 scrolls of magic mapping {unknown}
 e - 6 scrolls of identify {unknown}
 f - 3 scrolls of remove curse {unknown}
 h - a scroll of noise {unknown}
 l - a scroll of enchant weapon II {unknown}
 p - a scroll of fear {unknown}
 s - a scroll of fog {unknown}
 u - a scroll of curse weapon {unknown}
Jewellery
 w - a +5 ring of strength (left hand)
Potions
 g - 2 potions of flight
 o - a potion of invisibility {unknown}
Books
 b - a book of Air

   Spells                             Type                      Level
   *Shock                             Conjuration/Air              1
   *Swiftness                         Charms/Air                   2
   *Repel Missiles                    Charms/Air                   2
   *Flight                            Charms/Air                   3
   Static Discharge                   Conjuration/Air              3
   Lightning Bolt                     Conjuration/Air              5


   Skills:
 - Level 2.1 Dodging
 - Level 2.1 Stealth
 * Level 4.2 Spellcasting
 - Level 2.9 Conjurations
 + Level 3.7 Air Magic


You had 3 spell levels left.
You knew the following spells:

 Your Spells              Type           Power        Failure   Level  Hunger
a - Shock                 Conj/Air       ###.         3%          1    None
b - Swiftness             Chrm/Air       ##........   12%         2    #......
c - Repel Missiles        Chrm/Air       ##........   12%         2    #......
d - Flight                Chrm/Air       ##........   21%         3    ###....


Dungeon Overview and Level Annotations

Branches:
Dungeon (3/27)

Altars:
Fedhas

Annotations
D:3 Grinder


Message History

Unknown command.
Casting: Shock
Confirm with . or Enter, or press ? or * to list all spells.
Aiming: Shock
Press: ? - help, Shift-Dir - straight line The zap hits Grinder.
Grinder is moderately wounded.
The zap hits Grinder.
Grinder is heavily wounded.
Grinder hits you!
* * * LOW HITPOINT WARNING * * *
You writhe in agony.
* * * LOW HITPOINT WARNING * * *
Drink which item? (? for menu, Esc to quit)
You feel very buoyant.
You fly up into the air.
It was a potion of flight.
Grinder barely misses you.
Drink which item? (? for menu, Esc to quit)
You feel more agile all of a sudden.
It was a potion of agility.
Grinder hits you.
You die...

#.........#..'.....
+........%'.##.....
#......<..####....)
#####'##### #.....
#.# #..... ###.#
####+# #...#
###.### #.@.# #5###
#.......# #.......#
#.....5.# #.......+
#.......# #####+##


You could see Grinder.

Vanquished Creatures
  4 green rats (D:2)
  A gnoll (D:1)
  3 worms (D:2)
  A giant gecko (D:1)
  An orc (D:3)
  2 ball pythons
  3 giant cockroaches
  5 goblins
  7 hobgoblins
  2 quokkas
  4 bats
  2 giant newts (D:1)
  6 jackals (D:2)
  5 kobolds
  10 rats
56 creatures vanquished.

Notes
Turn   | Place    | Note
--------------------------------------------------------------
     0 | D:1      | JacquesDerrida, the High Elf Air Elementalist, began the quest for the Orb.
     0 | D:1      | Reached XP level 1. HP: 11/11 MP: 4/4
    79 | D:1      | Reached XP level 2. HP: 6/17 MP: 4/6
   749 | D:1      | Reached XP level 3. HP: 21/21 MP: 7/9
  1036 | D:2      | Learned a level 2 spell: Swiftness
  1039 | D:2      | Learned a level 2 spell: Repel Missiles
  1043 | D:2      | Learned a level 3 spell: Flight
  1282 | D:2      | Reached XP level 4. HP: 21/27 MP: 9/12
  1499 | D:2      | Reached skill level 4 in Spellcasting
  1719 | D:2      | Found a blossoming altar of Fedhas.
  2013 | D:3      | Noticed Grinder
  2025 | D:3      | Slain by Grinder

Action                   |  1- 3 |  4- 6 || total
-------------------------+-------+-------++-------
Melee: Unarmed           |     4 |     2 ||     6
 Cast: Shock             |    56 |    60 ||   116
       Swiftness         |     1 |     1 ||     2
  Use: Potion            |       |     2 ||     2
